 Dungeon Crawl Stone Soup version 0.18.1-47-g9310371 (console) character file.

155759 Kloppie the Warrior (level 17, -3/166 HPs)
             Began as a Minotaur Berserker on June 14, 2016.
             Was a High Priest of Trog.
             Slain by a merfolk impaler
             ... wielding a +0 trident
              (12 damage)
             ... on level 4 of the Shoals.
             The game lasted 00:51:18 (26593 turns).

Kloppie the Warrior (Minotaur Berserker)           Turns: 26593, Time: 00:51:18

Health: -3/166     AC: 35    Str: 24    XL:     17   Next: 9%
Magic:  20/20      EV:  9    Int:  5    God:    Trog [*****.]
Gold:   569        SH:  0    Dex: 18    Spells: 0 memorised, 16 levels left

rFire  . . .     SeeInvis +     E - +10 dire flail {vamp, Int+3}
rCold  + + .     Gourm    +     T - +9 plate armour of the First Suns {Int+3 Dex+3 SInv}
rNeg   + + .     Faith    .     (shield currently unavailable)
rPois  +         Spirit   .     O - +1 hat {rC+}
rElec  .         Dismiss  .     y - +0 cloak of Fortification {+Inv +Fly Stlth-}
rCorr  .         Reflect  .     I - +1 pair of gloves
SustAt .         Harm     .     Q - +0 pair of boots "Padehyc" {*Drain rN+ Stlth+}
MR     +++..                    m - amulet of the gourmand
Stlth  ..........               v - ring of protection from cold
                                N - ring of Xuywece {rPois rN+ Int-5 Slay+3}

@: mesmerised, regenerating, extremely resistant to hostile enchantments,
extremely unstealthy
A: retaliatory headbutt, horns 2
a: Berserk, Trog's Hand, Brothers in Arms, Burn Spellbooks, Renounce Religion,
Evoke Invisibility, Evoke Flight


You were on level 4 of the Shoals.
You worshipped Trog.
Trog was extremely pleased with you.
You were very full.

You visited 5 branches of the dungeon, and saw 31 of its levels.
You also visited: Ice Cave.

You collected 3072 gold pieces.
You spent 2503 gold pieces at shops.

Inventory:

Hand Weapons
 a - a +6 executioner's axe of chopping
 b - a +0 war axe of flaming
 E - the +10 dire flail of Circular Logic (weapon) {vamp, Int+3}
   (Trog gifted it to you on level 10 of the Dungeon)

   It inflicts no extra harm, but heals its wielder somewhat when it strikes a
   living foe.
   It affects your intelligence (+3).
Armour
 y - the +0 cloak of Fortification (worn) {+Inv +Fly Stlth-}
   (You found it on level 15 of the Dungeon)

   It lets you turn invisible.
   It lets you fly.
   It makes you less stealthy.
 I - a +1 pair of gloves (worn)
 O - a +1 hat of cold resistance (worn)
 Q - the +0 pair of boots "Padehyc" (worn) {*Drain rN+ Stlth+}
   (You found it on level 5 of the Lair of Beasts)

   It protects you from negative energy.
   It causes draining when unequipped.
   It makes you more stealthy.
 T - the +9 plate armour of the First Suns (worn) {Int+3 Dex+3 SInv}
   (You bought it in a shop on level 2 of the Orcish Mines)

   It affects your intelligence (+3).
   It affects your dexterity (+3).
   It lets you see invisible.
Jewellery
 m - an amulet of the gourmand (around neck)
 v - a ring of protection from cold (right hand)
 w - an uncursed amulet of regeneration
 x - an uncursed ring of protection from fire
 N - the ring of Xuywece (left hand) {rPois rN+ Int-5 Slay+3}
   (You found it on level 7 of the Lair of Beasts)

   [ring of positive energy]

   It affects your intelligence (-5).
   It affects your accuracy and damage with ranged weapons and melee attacks
   (+3).
   It protects you from poison.
   It protects you from negative energy.
Wands
 k - a wand of digging (10/24)
 A - a wand of slowing (32/48)
 K - a wand of disintegration (20/24)
 V - a wand of heal wounds (3/9)
Scrolls
 d - 3 scrolls of enchant armour
 f - 3 scrolls of magic mapping
 o - 20 scrolls of teleportation
 p - 6 scrolls of fear
 r - 2 scrolls of enchant weapon
 s - 10 scrolls of remove curse
 C - 6 scrolls of identify
 D - 4 scrolls of recharging
 F - 4 scrolls of blinking
 M - a scroll of brand weapon
Potions
 e - 6 potions of invisibility
 i - 11 potions of curing
 j - 3 potions of heal wounds
 n - a potion of cancellation
 q - 10 potions of might
 t - 3 potions of resistance
 u - 4 potions of agility
 z - 4 potions of cure mutation
 G - 3 potions of haste
 J - 6 potions of flight
Comestibles
 c - 11 bread rations
 g - a chunk of flesh
 h - 13 meat rations
 l - 6 slices of pizza
 P - 2 beef jerkies


   Skills:
 - Level 18.9 Fighting
 + Level 17.8(19.5) Axes
 - Level 14.5(17.9) Maces & Flails
 - Level 18.8 Armour
 - Level 2.1 Dodging
 + Level 5.7 Evocations


You had 16 spell levels left.
You didn't know any spells.

Dungeon Overview and Level Annotations

Branches:
Dungeon (15/15)            Temple (0/1) D:4            Lair (7/8) D:8
 Shoals (4/4) Lair:6        Snake (3/4) Lair:6          Orc (2/2) D:12
    Elf (0/3) Orc:2        Vaults (0/5) D:14         Depths (0/5) D:15
  Slime: Lair:6-8

Altars:
Dithmenos
Elyvilon
Gozag
Kikubaaqudgha
Nemelex Xobeh
Qazlal
Beogh

Shops:
D:8 *   D:9 :   D:13 %(!   D:15 *([[}   Orc:2 [*[!   Snake:1 =

Portals:
Trove: D:13 (give +8 demon trident)


Innate Abilities, Weirdness & Mutations

You reflexively headbutt those who attack you in melee.
You have a pair of horns on your head.


Message History

You puncture the merfolk impaler!
You feel better.
Your headbutt misses the merfolk impaler.
The merfolk impaler is lightly wounded.
Your troll bites the merfolk aquamancer.
Your troll claws the merfolk aquamancer.
Your troll claws the merfolk aquamancer!
The merfolk impaler hits you with a trident of piercing!
* * * LOW HITPOINT WARNING * * *
x2 The merfolk javelineer hits you from afar with a spear of freezing!
* * * LOW HITPOINT WARNING * * *
The merfolk javelineer freezes you.
* * * LOW HITPOINT WARNING * * *
Your iron troll completely misses the merfolk javelineer.
Your iron troll claws the merfolk javelineer!! x2
The merfolk impaler hits you with a demon trident of freezing!
* * * LOW HITPOINT WARNING * * *
The merfolk impaler freezes you.
* * * LOW HITPOINT WARNING * * *
The merfolk impaler hits you from afar with a trident!
You die...

##........
#......... m
#.......## ≈m
#..m...≈# ≈#.#
##.......# ≈m≈..
#..≈....!#
m.m.m.##......#
#m.Smm...#
#..mm@T..#
.......mmmT....#
.≈≈≈≈≈≈...m....≈#
≈...................
..####≈#...........(
. ###........[...
##...........
#.........≈≈


You could see a merfolk avatar, 3 merfolk impalers, 4 merfolk javelineers, a sea
snake, a merfolk aquamancer, 2 merfolk, a friendly iron troll (berserk) and a
friendly troll (berserk).

Vanquished Creatures
  2 greater nagas
  A frost giant (IceCv)
  Louise (Shoals:1)
  The ghost of raetorn the Grappler, a journeyman TrMo of Qazlal (IceCv)
  Snorg (Lair:5)
  An ettin (Orc:1)
  9 vault guards
  An ogre mage (D:14)
  2 merfolk impalers
  Fannar (D:12)
  The ghost of Kloppie the Spear-Bearer, a journeyman MfSk of Okawaru (Lair:1)
  5 naga warriors
  11 hydras
  6 centaur warriors
  3 ice dragons
  7 anacondas (Snake:1)
  A queen ant (Lair:4)
  2 merfolk avatars (Shoals:2)
  Urug (D:10)
  2 naga sharpshooters
  8 death yaks (Lair:7)
  3 orc high priests (Orc:2)
  6 shock serpents
  Nergalle (Lair:4)
  A fire crab (shapeshifter) (D:15)
  7 sea snakes
  5 unseen horrors
  4 naga ritualists
  3 harpies (Shoals:2)
  4 hill giants
  2 deep elf magi
  4 mana vipers
  2 orc sorcerers (Orc:2)
  5 orc knights
  22 ugly things
  8 salamanders
  8 griffons
  8 manticores
  3 cyclopes
  4 sirens
  21 black mambas
  A water nymph (Shoals:4)
  3 centaur skeletons
  A guardian serpent (Snake:3)
  4 gargoyles
  4 centaur zombies
  An ice statue (IceCv)
  7 naga magi
  15 spiny frogs
  3 freezing wraiths
  2 efreet
  7 komodo dragons
  A yaktaur (D:14)
  A harpy zombie (D:14)
  2 wind drakes (Shoals:4)
  5 trolls
  A merfolk (Shoals:1)
  2 two-headed ogres
  17 polar bears
  6 slime creatures
  18 blink frogs
  2 snapping turtles (Shoals:2)
  Prince Ribbit (D:5)
  A boulder beetle (D:14)
  2 wyverns
  A shadow (D:15)
  42 yaks
  A hungry ghost (D:13)
  A wraith (D:15)
  A basilisk (Lair:2)
  8 hippogriffs
  Grum (D:9)
  20 soldier ants (Lair:4)
  4 wargs
  A mottled dragon (D:15)
  21 nagas
  13 water moccasins
  12 porcupines
  17 orc warriors
  An ice beast (D:5)
  2 sky beasts
  3 black bears
  3 phantoms
  2 wasps
  3 necrophages
  14 centaurs
  21 wolves
  12 ogres
  The ghost of Zeloya the Cutter, an amateur KoCK of Xom (D:3)
  10 crocodiles
  A big kobold (D:10)
  18 giant frogs
  A scorpion (D:6)
  A wyvern skeleton (D:8)
  17 killer bees
  20 wights
  An electric eel (Snake:3)
  8 crimson imps
  A giant frog zombie (D:10)
  2 jellies
  A giant frog skeleton (D:7)
  6 hounds
  A quasit (D:10)
  21 orc priests
  21 orc wizards
  8 iguanas
  26 worker ants
  A killer bee zombie (D:6)
  14 sheep (Lair:7)
  A worker ant zombie (D:9)
  A howler monkey skeleton (D:11)
  3 gnolls (D:3)
  17 adders
  35 river rats
  5 shadow imps
  An ooze (D:1)
  An adder skeleton (D:5)
  3 worms
  A dart slug (D:3)
  6 giant geckos
  64 orcs
  3 ball pythons
  3 giant cockroaches (D:2)
  6 goblins
  9 hobgoblins
  9 jackals
  4 quokkas
  9 bats
  A giant gecko skeleton (D:4)
  7 giant newts
  12 kobolds
  4 rats
  A fungus (Lair:5)
  3 tentacles (Shoals:2)
888 creatures vanquished.

Vanquished Creatures (collateral kills)
  A kraken (Shoals:2)
  A merfolk impaler (Shoals:4)
  An orc high priest (Orc:2)
  A skeletal warrior (D:14)
  A hill giant (D:14)
  2 orc sorcerers (Orc:2)
  A salamander (Snake:3)
  A troll (D:14)
  A water elemental (Shoals:4)
  A yak (shapeshifter) (D:14)
  A vampire mosquito (D:14)
  2 nagas (Snake:3)
  2 orc warriors (Orc:2)
  3 orc priests (Orc:2)
  2 orc wizards (Orc:2)
21 creatures vanquished.

Vanquished Creatures (others)
  A fungus (Lair:7)
  2 plants
  8 tentacles (Shoals:2)
  407 tentacle segments (Shoals:2)
418 creatures vanquished.

Grand Total: 1327 creatures vanquished

Notes
Turn   | Place    | Note
--------------------------------------------------------------
     0 | D:1      | Kloppie the Minotaur Berserker began the quest for the Orb.
     0 | D:1      | Reached XP level 1. HP: 19/19 MP: 0/0
   150 | D:1      | Reached XP level 2. HP: 24/27 MP: 1/1
   477 | D:1      | Reached ** piety under Trog
   568 | D:1      | Reached XP level 3. HP: 32/33 MP: 2/2
   845 | D:2      | Found a stormy altar of Qazlal.
  1119 | D:2      | Reached XP level 4. HP: 41/41 MP: 3/3
  1382 | D:3      | Reached *** piety under Trog
  1831 | D:3      | Noticed Zeloya's ghost (amateur KoCK)
  1836 | D:3      | Killed Zeloya's ghost
  1836 | D:3      | Reached skill level 5 in Fighting
  1836 | D:3      | Reached skill level 5 in Axes
  1836 | D:3      | Reached XP level 5. HP: 48/48 MP: 4/4
  2310 | D:4      | Reached XP level 6. HP: 56/56 MP: 5/5
  2401 | D:4      | Found a staircase to the Ecumenical Temple.
  2860 | D:5      | Entered Level 5 of the Dungeon
  2877 | D:5      | Reached skill level 5 in Armour
  2934 | D:5      | Noticed an ice beast
  2954 | D:5      | Killed an ice beast
  2954 | D:5      | Reached XP level 7. HP: 43/62 MP: 6/6
  3026 | D:5      | Noticed Prince Ribbit
  3037 | D:5      | Reached **** piety under Trog
  3046 | D:5      | Killed Prince Ribbit
  3768 | D:5      | Found an opulent altar of Gozag.
  3768 | D:5      | Found a sparkling altar of Nemelex Xobeh.
  3880 | D:6      | Found a white marble altar of Elyvilon.
  3929 | D:6      | Reached XP level 8. HP: 61/71 MP: 7/7
  5154 | D:7      | Reached skill level 10 in Axes
  5577 | D:8      | Reached XP level 9. HP: 81/81 MP: 8/8
  5670 | D:8      | Found a staircase to the Lair.
  5742 | D:8      | HP: 3/124 [wyvern (13)]
  5743 | D:8      | Reached XP level 10. HP: 4/91 MP: 9/9
  6813 | D:8      | Found Xaru's General Store.
  6824 | D:8      | Bought a potion of curing for 36 gold pieces
  6824 | D:8      | Bought a scroll of blinking for 90 gold pieces
  6908 | D:9      | Noticed Grum
  6921 | D:9      | Killed Grum
  6966 | D:9      | Found Lyakom's Book Boutique.
  6977 | D:9      | Reached ***** piety under Trog
  6978 | D:9      | Reached skill level 10 in Fighting
  7286 | D:10     | Entered Level 10 of the Dungeon
  7376 | D:10     | Reached skill level 10 in Armour
  7408 | D:10     | Noticed a hill giant
  7415 | D:10     | Killed a hill giant
  7514 | D:10     | Killed an unseen horror
  7898 | D:10     | Noticed Urug
  7917 | D:10     | Killed Urug
  7917 | D:10     | Reached XP level 11. HP: 101/101 MP: 10/10
  8401 | D:10     | Noticed a hill giant
  8410 | D:10     | Killed a hill giant
  8611 | D:10     | Received a gift from Trog
  8644 | D:10     | Got a pitted dire flail {god gift}
  8710 | D:10     | Identified the +10 dire flail of Circular Logic {vamp, Int+3} (Trog gifted it to you on level 10 of the Dungeon)
  8783 | Lair:1   | Entered Level 1 of the Lair of Beasts
  8783 | Lair:1   | Noticed a four-headed hydra
  8795 | Lair:1   | Killed a four-headed hydra
  8795 | Lair:1   | Reached skill level 1 in Maces & Flails
  8808 | Lair:1   | Gained mutation: You are partially covered in yellow scales (AC +2). [potion of mutation]
  8808 | Lair:1   | Gained mutation: You are dopey. (Int -2) [potion of mutation]
  8808 | Lair:1   | Gained mutation: You are somewhat resistant to further mutation. [potion of mutation]
  8819 | Lair:1   | Noticed Kloppie's ghost (journeyman MfSk)
  8830 | Lair:1   | Killed Kloppie's ghost
  9057 | Lair:1   | Noticed a seven-headed hydra
  9065 | Lair:1   | Killed a seven-headed hydra
  9701 | Lair:2   | Reached skill level 5 in Maces & Flails
  9711 | Lair:2   | Noticed a seven-headed hydra
  9717 | Lair:2   | Killed a seven-headed hydra
  9717 | Lair:2   | Reached XP level 12. HP: 112/112 MP: 11/11
  9910 | Lair:2   | Gained mutation: You are partially covered in thin metallic scales (AC +2). [potion of mutation]
  9921 | Lair:2   | Noticed a seven-headed hydra
  9930 | Lair:2   | Killed a seven-headed hydra
 11647 | Lair:4   | Noticed a queen ant
 11663 | Lair:4   | Killed a queen ant
 11674 | Lair:4   | Reached ****** piety under Trog
 11695 | Lair:4   | Received a gift from Trog
 11805 | Lair:4   | Reached XP level 13. HP: 123/123 MP: 12/12
 11847 | Lair:4   | Noticed Nergalle
 11856 | Lair:4   | Killed Nergalle
 12395 | Lair:5   | Noticed Snorg
 12406 | Lair:5   | Killed Snorg
 12500 | Lair:5   | Got a pair of distressingly furry boots
 12502 | Lair:5   | Identified the +0 pair of boots "Padehyc" {*Drain rN+ Stlth+} (You found it on level 5 of the Lair of Beasts)
 13053 | Lair:6   | Found a staircase to the Snake Pit.
 13138 | Lair:6   | Reached skill level 10 in Maces & Flails
 13234 | Lair:6   | Found a staircase to the Shoals.
 13316 | Lair:6   | Received a gift from Trog
 13695 | Lair:7   | Got a flickering jade ring
 13696 | Lair:7   | Identified the ring of Xuywece {rPois rN+ Int-5 Slay+3} (You found it on level 7 of the Lair of Beasts)
 13702 | Lair:7   | Found an ancient bone altar of Kikubaaqudgha.
 14378 | Lair:7   | Found a frozen archway.
 14384 | Lair:7   | Reached skill level 15 in Fighting
 14405 | Lair:7   | Reached skill level 15 in Armour
 14417 | Lair:7   | Received a gift from Trog
 14432 | IceCv    | Entered an ice cave
 14772 | IceCv    | Reached XP level 14. HP: 135/135 MP: 13/13
 14805 | IceCv    | Noticed a frost giant
 14832 | IceCv    | Killed a frost giant
 14901 | IceCv    | Noticed raetorn's ghost (journeyman TrMo)
 14914 | IceCv    | Killed raetorn's ghost
 15951 | D:11     | Gained mutation: You have large cloven feet. [potion of beneficial mutation]
 16546 | D:12     | Noticed Fannar
 16566 | D:12     | Killed Fannar
 16588 | D:12     | Found a staircase to the Orcish Mines.
 16741 | D:12     | Received a gift from Trog
 16939 | Orc:1    | Entered Level 1 of the Orcish Mines
 17331 | Orc:2    | Entered Level 2 of the Orcish Mines
 17334 | Orc:2    | Found a staircase to the Elven Halls.
 17710 | Orc:2    | Found a roughly hewn altar of Beogh.
 17916 | Orc:2    | Found Zeshrycs's Distillery.
 17920 | Orc:2    | Received a gift from Trog
 17988 | Orc:2    | Found Xeaj's Antique Armour Shop.
 17989 | Orc:2    | Found Cudonair's Antique Armour Emporium.
 17990 | Orc:2    | Found Onouhaq's General Store.
 18285 | Orc:2    | Bought a spiked plate armour for 812 gold pieces
 18287 | Orc:2    | Bought an ancient plate armour for 896 gold pieces
 18297 | Orc:2    | Identified the +1 plate armour of an ossuary {+Fly rF- Str+3} (You bought it in a shop on level 2 of the Orcish Mines)
 18307 | Orc:2    | Identified the +9 plate armour of the First Suns {Int+3 Dex+3 SInv} (You bought it in a shop on level 2 of the Orcish Mines)
 18630 | Lair:1   | Lost intelligence.
 18633 | Lair:1   | Lost mutation: You are dopey. (Int -2) [potion of cure mutation]
 18633 | Lair:1   | Lost mutation: You have large cloven feet. [potion of cure mutation]
 18633 | Lair:1   | Lost mutation: You are somewhat resistant to further mutation. [potion of cure mutation]
 18633 | Lair:1   | Lost mutation: You are partially covered in thin metallic scales (AC +2). [potion of cure mutation]
 18633 | Lair:1   | Lost mutation: You are partially covered in yellow scales (AC +2). [potion of cure mutation]
 18901 | Snake:1  | Entered Level 1 of the Snake Pit
 18911 | Snake:1  | Reached skill level 15 in Axes
 19061 | Snake:1  | Reached XP level 15. HP: 120/145 MP: 7/14
 19843 | Snake:1  | Found Zuwk's Jewellery Shop.
 19851 | Snake:1  | Bought a cursed amulet of inaccuracy for 30 gold pieces
 20143 | Snake:1  | Received a gift from Trog
 20705 | Snake:2  | Noticed a greater naga
 20715 | Snake:2  | Killed a greater naga
 21473 | Snake:3  | Noticed a greater naga
 21477 | Snake:3  | Killed a greater naga
 22481 | D:13     | Received a gift from Trog
 22520 | D:13     | Found Vaumm's Distillery.
 22525 | D:13     | Bought a potion of heal wounds for 80 gold pieces
 22525 | D:13     | Bought a potion of might for 64 gold pieces
 22643 | D:13     | Found Atiwkuot's Antique Weapon Shop.
 22703 | D:13     | Found Pesicke's Food Shop.
 22856 | D:13     | Found a portal to a secret trove of treasure.
 22980 | D:13     | Reached XP level 16. HP: 157/157 MP: 15/15
 23165 | D:14     | Found a gate to the Vaults.
 23429 | D:14     | Received a gift from Trog
 24045 | D:15     | Entered Level 15 of the Dungeon
 24077 | D:15     | Found Qimusauju's Assorted Antiques.
 24088 | D:15     | Bought a scroll labeled BIASUF JEYROE for 33 gold pieces
 24192 | D:15     | Found Gudgh's Gadget Shop.
 24223 | D:15     | Bought a wand of heal wounds (3/9) for 462 gold pieces
 24323 | D:15     | Got a warped cloak
 24334 | D:15     | Identified the +0 cloak of Fortification {+Inv +Fly Stlth-} (You found it on level 15 of the Dungeon)
 24346 | D:15     | Found Siedaf's Armour Emporium.
 24418 | D:15     | Reached skill level 1 in Evocations
 24509 | D:15     | Found Wogiusez's Antique Weapon Boutique.
 24554 | D:15     | Found a shadowy altar of Dithmenos.
 24725 | D:15     | Found a staircase to the Depths.
 24848 | D:15     | Found Essuwkor's Antique Armour Emporium.
 25382 | Shoals:1 | Entered Level 1 of the Shoals
 25562 | Shoals:1 | Noticed Louise
 25574 | Shoals:1 | Killed Louise
 25619 | Shoals:2 | Noticed a kraken
 25643 | Shoals:2 | Killed a kraken
 26181 | Shoals:2 | Reached skill level 5 in Evocations
 26378 | Shoals:2 | Received a gift from Trog
 26384 | Shoals:2 | Reached XP level 17. HP: 155/166 MP: 19/19
 26469 | Shoals:4 | Entered Level 4 of the Shoals
 26593 | Shoals:4 | Slain by a merfolk impaler

Skill      XL: |  1  2  3  4  5  6  7  8  9 10 11 12 13 14 15 16 |
---------------+-------------------------------------------------+-----
Axes           | 4 5 6 7 8 10 12 14 15 17 | 17.8
Fighting       | 4 5 6 7 9 10 12 13 15 16 18 | 18.9
Armour         | 3 4 5 6 7 9 10 12 13 15 16 18 | 18.8
Maces & Flails | 5 9 11 13 14 | 14.5
Evocations     | 5 |  5.7
Dodging        | |  2.1

Action                   |  1- 3 |  4- 6 |  7- 9 | 10-12 | 13-15 | 16-18 || total
-------------------------+-------+-------+-------+-------+-------+-------++-------
Melee: Hand axe          |   123 |   148 |   183 |       |       |       ||   454
       Headbutt          |    19 |    30 |    46 |   127 |   315 |   153 ||   690
       Battleaxe         |       |       |    24 |   249 |       |       ||   273
       Dire flail        |       |       |       |   376 |  1152 |   468 ||  1996
       Executioner's axe |       |       |       |       |    93 |       ||    93
Invok: Berserk           |       |     3 |     3 |     3 |     3 |     1 ||    13
       Trog's Hand       |       |     1 |     3 |     3 |     7 |     3 ||    17
       Brothers in Arms  |       |       |       |       |     5 |     4 ||     9
  Use: Scroll            |     2 |       |       |    28 |    10 |     1 ||    41
       Potion            |       |       |       |     3 |     2 |     1 ||     6
 Stab: Distracted        |       |       |       |       |     1 |     1 ||     2
  Eat: Chunk             |     1 |     9 |     6 |    23 |    45 |    13 ||    97
       Meat ration       |       |       |     1 |       |     2 |       ||     3
       Beef jerky        |       |       |       |     3 |       |       ||     3
       Royal jelly       |       |       |       |     1 |     1 |       ||     2
       Fruit             |       |       |       |       |     2 |       ||     2
Armor: Chain mail        |    76 |    22 |       |       |       |       ||    98
       Plate armour      |       |    55 |   111 |   436 |   856 |   395 ||  1853
Dodge: Dodged            |    53 |    40 |    64 |   198 |   432 |   152 ||   939
